 Dungeon Crawl Stone Soup version 0.29.1-15-g9cfb28693d (webtiles) character file.

Game seed: 17248316030450626604

120 LustLizard the Firebug (level 5, -1/40 HPs)
             Began as a Hill Orc Fire Elementalist on Feb 24, 2023.
             Slain by Edmund
             ... wielding a +2 flail of holy wrath
              (9 damage)
             ... on level 4 of the Dungeon.
             The game lasted 00:05:25 (4547 turns).

LustLizard the Firebug (Hill Orc Fire Elementalist) Turns: 4547, Time: 00:05:25

Health: -1/40      AC:  4    Str: 11    XL:     5   Next: 4%
Magic:  4/8        EV: 11    Int: 17    God:
Gold:   7          SH:  0    Dex: 11    Spells: 5/8 levels left

rFire   + . .      SeeInvis .   c - +0 dagger
rCold   . . .      Faith    .   (no shield)
rNeg    . . .      Spirit   .   s - +0 leather armour
rPois   .          Reflect  .   (no helmet)
rElec   .          Harm     .   (no cloak)
rCorr   .          Rampage  .   y - +0 pair of gloves
Will    .....                   (no boots)
Stlth   ++........              (no amulet)
HPRegen 0.13/turn               k - ring of protection from fire
MPRegen 0.11/turn               l - +4 ring of slaying

@: very slightly contaminated
A: no striking features
a: no special abilities


You were on level 4 of the Dungeon.
You visited 1 branch of the dungeon, and saw 4 of its levels.

You collected 87 gold pieces.
You spent 80 gold pieces at shops.

Inventory:

Hand Weapons
 c - a +0 dagger (weapon)
Armour
 a - a +0 robe
 p - the +1 chain mail of Past Mistakes {rElec rC+}
   (You found it on level 2 of the Dungeon)

   rC:        It protects you from cold.
   rElec:     It insulates you from electricity.
 s - a +0 leather armour (worn)
 y - a +0 pair of gloves (worn)
Jewellery
 g - an amulet of faith
 k - a ring of protection from fire (left hand)
 l - a +4 ring of slaying (right hand)
Wands
 u - a wand of light (8)
Scrolls
 d - 2 scrolls of identify {unknown}
 e - a scroll of amnesia {unknown}
 h - 2 scrolls of vulnerability {unknown}
 m - a scroll of summoning {unknown}
 o - a scroll of brand weapon {unknown}
 q - a scroll of teleportation {unknown}
 t - a scroll of enchant armour {unknown}
Potions
 f - 2 potions of curing
 i - a potion of ambrosia {unknown}
 j - a potion of invisibility {unknown}
 n - a potion of lignification {unknown}
 r - 4 potions of heal wounds
 v - a potion of flight {unknown}
 w - 2 potions of might {unknown}
 x - a potion of resistance {unknown}
 z - a potion of haste {unknown}


   Skills:
 + Level 1.6 Fighting
 - Level 1.5 Dodging
 + Level 2.1 Stealth
 + Level 2.0 Spellcasting
 * Level 2.7 Conjurations
 * Level 4.3 Fire Magic


You had 5 spell levels left.
You knew the following spells:

 Your Spells              Type           Power      Damage    Failure   Level
a - Foxfire               Conj/Fire      52%        2x1d6     6%          1
b - Scorch                Fire           32%        2d6       7%          2

Your spell library contained the following spells:

 Spells                   Type           Power      Damage    Failure   Level
 Conjure Flame            Conj/Fire      13%        6-21      19%         3
 Inner Flame              Hex/Fire       9%         N/A       32%         3
 Ignite Poison            Fire/Tmut/Pois 6%         N/A       38%         3
 Flame Wave               Conj/Fire      13%        2d6       52%         4
 Sticky Flame             Conj/Fire      13%        2d4       52%         4
 Tukima's Dance           Hex            1%         N/A       58%         3
 Passage of Golubria      Tloc           1%         N/A       94%         4
 Yara's Violent Unravell  Hex/Tmut       0%         3d3       100%        5


Dungeon Overview and Level Annotations

Branches:
Dungeon (4/15)
 Temple: D:4-7

Altars:

Shops:
D:2 :   D:4 !

Annotations:
D:4 Edmund


Message History

Casting: Foxfire (safe; 6% risk of failure)
Confirm with . or Enter, or press ? or * to list all spells.
Flames lash Edmund.
Edmund is lightly wounded.
Edmund's fire resistance burns away.
Edmund says, "What use are spells, anyway?"
Casting: Scorch (safe; 7% risk of failure)
Confirm with . or Enter, or press ? or * to list all spells.
You don't have enough magic to cast this spell.
Magic courses through your body. Edmund barely misses you.
Casting: Scorch (safe; 7% risk of failure)
Confirm with . or Enter, or press ? or * to list all spells.
Okay, then.
You conjure some foxfire!
Edmund hits you with a +2 flail of holy wrath!
You conjure some foxfire!
The foxfire hits Edmund!
Edmund is burned terribly!
Edmund is moderately wounded.
The foxfire hits Edmund but does no damage.
Edmund is moderately wounded.
Edmund hits you with a +2 flail of holy wrath.
You are too injured to fight recklessly!
You are too injured to fight recklessly!
Casting: Foxfire (safe; 6% risk of failure)
Press: ? - help, Q - select action, (/) - cycle Dir - look around, f - activate You miscast Foxfire.
You are very lightly contaminated with residual magic.
Nothing appears to happen.
The foxfire hits Edmund but does no damage.
Edmund is moderately wounded.
The foxfire hits Edmund but does no damage.
Edmund is moderately wounded.
Edmund hits you with a +2 flail of holy wrath!
* * * LOW HITPOINT WARNING * * *
Unknown command.
Casting: Foxfire (safe; 6% risk of failure)
Confirm with . or Enter, or press ? or * to list all spells.
You miscast Scorch.
Nothing appears to happen.
Edmund is no longer more vulnerable to fire.
Edmund hits you with a +2 flail of holy wrath!
You die...

.............##
#.<†∩.>..#
#........#
##8###8..#
#######.##
........#
######..# #.§#
#.@# #.@# #..#
#..# ...# ...##
###


You could see Edmund.

Vanquished Creatures
  A hound (D:4)
  An adder (D:2)
  A worm (D:2)
  2 dart slugs (D:2)
  2 orcs (D:3)
  8 ball pythons
  4 bats
  9 endoplasms
  3 giant cockroaches
  5 goblins
  7 hobgoblins
  5 kobolds
  5 quokkas
  2 frilled lizards (D:2)
  8 rats
63 creatures vanquished.

Vanquished Creatures (others)
  256 foxfires
256 creatures vanquished.

Grand Total: 319 creatures vanquished

Notes
Turn   | Place    | Note
-------+----------+-------------------------------------------
     0 | D:1      | LustLizard the Hill Orc Fire Elementalist began the quest
                  | for the Orb.
     0 | D:1      | Reached XP level 1. HP: 14/14 MP: 3/3
   201 | D:1      | Reached XP level 2. HP: 4/20 MP: 0/4
  1281 | D:1      | Reached XP level 3. HP: 27/27 MP: 0/5
  1744 | D:1      | Learned a level 2 spell: Scorch
  1949 | D:2      | Found a faded altar of an unknown god.
  1952 | D:2      | Found Punutig's Book Boutique.
  1995 | D:2      | Reached skill level 1 in Fighting
  2537 | D:2      | Identified the +1 chain mail of Past Mistakes {rElec rC+}
  2622 | D:2      | Reached XP level 4. HP: 23/35 MP: 1/6
  2928 | D:2      | Reached skill level 4 in Fire Magic
  4524 | D:4      | Found Okups's Distillery.
  4532 | D:4      | Reached XP level 5. HP: 31/40 MP: 1/8
  4534 | D:4      | Bought a potion of heal wounds for 50 gold pieces
  4534 | D:4      | Bought a potion of curing for 30 gold pieces
  4539 | D:4      | Noticed Edmund
  4547 | D:4      | Slain by Edmund

Illustrated notes

Levels and vault maps discovered:
D:1:      dpeg_arrival_radiant, layout_loops_corners
D:2:      layout_basic, serial_shops, nicolae_shop_window_shopping,
          basic_ecumenical_altar, minmay_misc_feat_hallway, minivault_24
D:3:      layout_basic, serial_aquarium, aquarium_bridge_square
          [aquarium_subvault_window, aquarium_subvault_bridge,
          aquarium_subvault_wall, aquarium_subvault_wall], aquarium_window_fake,
          aquarium_window_1, aquarium_window_1, aquarium_view_2f,
          aquarium_balcony_3a, nrook_mini_backslash
D:4:      kennysheep_big_flooded_room, layout_basic, kiku_gazebo_pond_becter,
          nicolae_ru_great_annihilating_truth, serial_shops,
          nicolae_stop_n_shop_2, cheibrodos_sewer_entry_bend,
          hangedman_decor_growths, uniq_edmund, uniq_sigmund

Skill      XL: |  1  2  3  4 |
---------------+-------------+-----
Conjurations   | 2 |  2.7
Fighting       | 1 |  1.6
Fire Magic     | 4 |  4.3
Stealth        | 2 |  2.1
Spellcasting   | 2 |  2.0
Dodging        | |  1.5

Action                   |  1- 3 |  4- 6 || total
-------------------------+-------+-------++-------
Melee: Unarmed           |    23 |       ||    23
       Dagger            |    22 |    21 ||    43
       Punch             |       |     1 ||     1
 Cast: Foxfire           |    86 |    57 ||   143
       Scorch            |       |     2 ||     2
  Use: Potion            |       |     1 ||     1
 Stab: Sleeping          |     2 |       ||     2
Armor: Robe              |    12 |     1 ||    13
       Leather armour    |       |     6 ||     6
Dodge: Dodged            |    33 |    22 ||    55
